 Dungeon Crawl Stone Soup version 0.21.1-1-g345015f (webtiles) character file.

134 homeworkjunkie the Skirmisher (level 5, -1/47 HPs)
             Began as a Hill Orc Fighter on Mar 7, 2018.
             Was an Initiate of Okawaru.
             Slain by a phantom (6 damage)
             ... on level 4 of the Dungeon.
             The game lasted 00:02:39 (1203 turns).

homeworkjunkie the Skirmisher (Hill Orc Fighter)    Turns: 1203, Time: 00:02:40

Health: -1/47      AC:  7    Str: 18 (20) XL:     5   Next: 17%
Magic:  5/5        EV:  7    Int:  7 (8)  God:    Okawaru [......]
Gold:   55         SH:  9    Dex:  7 (10) Spells: 4/4 levels left

rFire    . . .     SeeInvis .   a - +0 war axe
rCold    . . .     Gourm    .   c - +0 shield
rNeg     . . .     Faith    .   b - +0 scale mail
rPois    .         Spirit   .   (no helmet)
rElec    .         Reflect  .   (no cloak)
rCorr    .         Harm     .   (no gloves)
MR       .....     Rnd*Tele +   (no boots)
Stlth    ..........             (no amulet)
HPRegen  0.15/turn              k - ring of teleportation (curse)
MPRegen  0.09/turn              (no ring)

@: very slightly contaminated, invisible
A: no striking features
a: Renounce Religion


You were on level 4 of the Dungeon.
You worshipped Okawaru.
Okawaru was noncommittal.
You were full.

You visited 2 branches of the dungeon, and saw 5 of its levels.

You collected 55 gold pieces.

Inventory:

Hand Weapons
 a - a +0 war axe (weapon)
Armour
 b - a +0 scale mail (worn)
 c - a +0 shield (worn)
Jewellery
 e - an uncursed ring of protection from magic {unknown}
 k - a cursed ring of teleportation (left hand)
Scrolls
 g - a scroll of magic mapping
 l - a scroll of identify {unknown}
 m - a scroll of teleportation
Potions
 d - a potion of haste {unknown}
 h - a potion of curing {unknown}


   Skills:
 * Level 4.6 Fighting
 * Level 3.6 Axes
 * Level 4.3 Armour
 + Level 0.3 Dodging
 * Level 4.3 Shields


You had 4 spell levels left.
You didn't know any spells.

Dungeon Overview and Level Annotations

Branches:
Dungeon (4/15)             Temple (1/1) D:4

Altars:
Elyvilon
Fedhas
Makhleb
Okawaru
Qazlal
Ru
Vehumet
Xom
Yredelemnul
The Shining One

Annotations:
D:2 Sigmund


Message History

You barely miss the phantom.
The phantom is moderately damaged.
The phantom completely misses you.
The phantom blinks!
Found 17 sling bullets.
It was a potion of invisibility.
You fade into invisibility!
You are very lightly contaminated with residual magic.
It was a potion of degeneration.
There was something very wrong with that liquid.
You feel weakened.
You feel dopey.
You feel clumsy. The phantom hits you!
* * * LOW HITPOINT WARNING * * *
The phantom blinks!
The phantom barely misses you.
You are too injured to fight recklessly!
You block the phantom's attack.
You barely miss the phantom.
The phantom is moderately damaged.
The phantom hits you.
You die...

####...# #..#
##..# #..# #..#
#..#####
#......#
#####.####.#
#.......# .#
#.#..#.#.##.#
##....#@W>#
#..#....###
..##......####..
...
##...........#
.. #..†..###...(
##...## #. ##.##
#.# ...


You could see a phantom.

Vanquished Creatures
  A hound (D:4)
  A worker ant (D:3)
  A hound skeleton (D:4)
  4 adders
  A dart slug (D:2)
  2 orcs (D:4)
  2 giant cockroaches (D:3)
  A goblin (D:2)
  5 hobgoblins
  2 jackals (D:2)
  A quokka (D:3)
  A ball python (D:3)
  2 bats (D:3)
  4 frilled lizards
  A kobold (D:3)
  6 rats
  3 toadstools (D:1)
38 creatures vanquished.

Notes
Turn   | Place    | Note
-------+----------+-------------------------------------------
     0 | D:1      | homeworkjunkie the Hill Orc Fighter began the quest for the Orb.
     0 | D:1      | Reached XP level 1. HP: 19/19 MP: 1/1
   113 | D:2      | Reached XP level 2. HP: 23/27 MP: 2/2
   198 | D:2      | Reached XP level 3. HP: 33/33 MP: 3/3
   228 | D:2      | Found a radiant altar of Vehumet.
   239 | D:2      | Found a sacrificial altar of Ru.
   349 | D:2      | Noticed Sigmund
   383 | D:3      | Reached XP level 4. HP: 19/40 MP: 4/4
   981 | D:4      | Found a staircase to the Ecumenical Temple.
   987 | Temple   | Entered the Ecumenical Temple
  1099 | Temple   | Became a worshipper of Warmaster Okawaru
  1152 | D:4      | Noticed a phantom
  1162 | D:4      | Reached XP level 5. HP: 27/47 MP: 5/5
  1203 | D:4      | Slain by a phantom

Skill      XL: |  1  2  3  4 |
---------------+-------------+-----
Axes           | 3 |  3.6
Fighting       | 4 |  4.6
Armour         | 4 |  4.3
Shields        | 4 |  4.3
Dodging        | |  0.3

Action                   |  1- 3 |  4- 6 || total
-------------------------+-------+-------++-------
Melee: War axe           |    74 |    71 ||   145
  Use: Potion            |     1 |     2 ||     3
       Scroll            |       |     3 ||     3
  Eat: Ration            |       |     2 ||     2
Armor: Scale mail        |    36 |    40 ||    76
Dodge: Dodged            |    26 |    29 ||    55
Block: Shield            |    46 |    35 ||    81
